 Dungeon Crawl Stone Soup version 0.21.1-1-g345015fe64 (webtiles) character file.

6012 Naru the Cleaver (level 10, -3/89 HPs)
             Began as a Hill Orc Fighter on June 17, 2018.
             Was a Follower of Beogh.
             Slain by an orc warrior
             ... wielding a cursed -3 flail
              (18 damage)
             ... on level 9 of the Dungeon.
             The game lasted 00:18:32 (9893 turns).

Naru the Cleaver (Hill Orc Fighter)                 Turns: 9893, Time: 00:18:33

Health: -3/89      AC: 10    Str: 20    XL:     10   Next: 86%
Magic:  11/11      EV: 13    Int: 11    God:    Beogh [*.....]
Gold:   571        SH: 11    Dex: 10    Spells: 9/9 levels left

rFire    . . .     SeeInvis .   a - +1 war axe
rCold    + . .     Gourm    .   c - +0 shield
rNeg     . . .     Faith    .   p - +2 ring mail {rC+}
rPois    .         Spirit   .   (no helmet)
rElec    .         Reflect  .   (no cloak)
rCorr    .         Harm     .   o - +0 pair of gloves
MR       .....                  h - +0 pair of boots
Stlth    +.........             q - amulet of magic regeneration
HPRegen  0.24/turn              i - +3 ring of evasion
MPRegen  0.37/turn              w - ring of flight

@: no status effects
A: no striking features
a: Renounce Religion, Evoke Flight


You were on level 9 of the Dungeon.
You worshipped Beogh.
Beogh was aware of your devotion.
You were not hungry.

You visited 1 branch of the dungeon, and saw 9 of its levels.

You collected 571 gold pieces.

Inventory:

Hand Weapons
 a - a +1 war axe (weapon)
 J - a +2 trident of piercing
Armour
 c - a +0 shield (worn)
 h - a +0 pair of boots (worn)
 o - a +0 pair of gloves (worn)
 p - a +2 ring mail of cold resistance (worn)
 t - the +1 ring mail of the Apprentice {rCorr Stlth+}
   (You found it on level 5 of the Dungeon)

   It protects you from acid and corrosion.
   It makes you more stealthy.
Jewellery
 i - a +3 ring of evasion (left hand)
 q - an amulet of magic regeneration (around neck)
 w - a ring of flight (right hand)
Wands
 u - a wand of digging (5)
 z - a wand of flame (39)
 B - a wand of polymorph (17)
 E - a wand of paralysis (17)
Scrolls
 f - 6 scrolls of remove curse
 k - 2 scrolls of blinking
 m - 2 scrolls of amnesia
 x - 3 scrolls of magic mapping
 A - a scroll of fog
 C - 2 scrolls of enchant weapon
 D - 3 scrolls of identify
 K - a scroll of noise {unknown}
 N - a scroll of teleportation
Potions
 b - a potion of lignification {unknown}
 d - 2 potions of might
 e - 2 potions of brilliance
 j - 2 potions of magic
 l - 3 potions of degeneration
 n - a potion of curing
 r - 3 potions of heal wounds {unknown}
 s - 2 potions of cancellation {unknown}
 v - 2 potions of mutation
 H - a potion of agility {unknown}
 I - a potion of resistance {unknown}
 L - a potion of invisibility {unknown}
 M - a potion of flight {unknown}
Books
 y - a book of Debilitation

   Spells                             Type                      Level
   a - Corona                         Hexes                        1
   b - Slow                           Hexes                        2
   c - Inner Flame                    Hexes/Fire                   3
   d - Portal Projectile              Hexes/Translocation          3
   e - Cause Fear                     Hexes                        4
   f - Leda's Liquefaction            Hexes/Earth                  4
 F - a book of Callings

   Spells                             Type                      Level
   a - Summon Small Mammal            Summoning                    1
   b - Call Imp                       Summoning                    2
   c - Call Canine Familiar           Summoning                    3
   d - Summon Guardian Golem          Hexes/Summoning              3
   e - Summon Lightning Spire         Summoning/Air                4
   f - Summon Ice Beast               Ice/Summoning                4
 G - a book of Cantrips

   Spells                             Type                      Level
   a - Confusing Touch                Hexes                        1
   b - Animate Skeleton               Necromancy                   1
   c - Summon Small Mammal            Summoning                    1
   d - Apportation                    Translocation                1
Comestibles
 g - 9 rations


   Skills:
 * Level 8.3 Fighting
 * Level 13.7 Axes
 + Level 6.1 Armour
 + Level 2.4 Dodging
 - Level 0.9 Stealth
 * Level 9.2 Shields
 * Level 2.5 Invocations


You had 9 spell levels left.
You didn't know any spells.

Dungeon Overview and Level Annotations

Branches:
Dungeon (9/15)             Temple (0/1) D:7            Lair (0/6) D:9
    Orc (0/2) D:9

Altars:
Kikubaaqudgha
Qazlal
The Shining One
Beogh

Shops:
D:5 %   D:6 (

Annotations:
D:2 1 runed door


Message History

Something hits you but does no damage.
Things that are here:
a whip; a leather armour You slash the orc warrior!
The orc warrior is almost dead.
You closely miss something. You block something's attack.
You block the orc warrior's attack.
You barely miss the orc warrior.
The orc warrior is almost dead.
You miss something. You barely miss the orc warrior.
The orc warrior is almost dead.
You hit something. Something hits you but does no damage.
You block the orc warrior's attack.
You hit the orc warrior but do no damage.
The orc warrior is almost dead.
You barely miss something. You block something's attack.
The orc warrior hits you with a flail!!
You die...
Beogh appreciates the orc warrior's killing of a heretic priest.

................รท....#...........
.....................'...........
.....................#...........
###..##.##.###..##########.##.###
#..##.##.###############.##.###
.........[..8#.....##..........
............).#.....##..........
............>.({o._..##.....#....
............#@....###....#####
...........8#.....# ####.#
#.###....########## ### #. ######


You could see an orc warrior.

Vanquished Creatures
  2 two-headed ogres
  Pikel (D:7)
  The ghost of coier the Covert, a novice GnWn (D:4)
  A troll (D:9)
  Grinder (D:4)
  A hippogriff (D:8)
  Grum (D:8)
  Duvessa (D:7)
  A water moccasin (D:4)
  An ice beast (D:5)
  A sky beast (D:5)
  3 phantoms (D:4)
  4 wolves (D:8)
  3 ogres
  3 centaurs
  A wyvern zombie (D:6)
  7 bullfrogs
  Dowan (D:7)
  A water moccasin zombie (D:5)
  A wyvern skeleton (D:6)
  3 scorpions
  A howler monkey (D:5)
  2 crimson imps
  2 jellies (D:7)
  4 hounds
  3 orc priests
  5 orc wizards
  A bullfrog skeleton (D:6)
  6 worker ants
  An iguana (D:7)
  2 hound skeletons
  A howler monkey zombie (D:5)
  A gnoll (D:1)
  10 adders
  A shadow imp (D:5)
  2 oozes
  2 adder skeletons (D:4)
  3 worms
  2 dart slugs
  5 leopard geckos
  23 orcs
  6 giant cockroaches
  9 goblins
  11 hobgoblins
  15 jackals
  8 kobolds
  6 quokkas
  2 ball pythons
  7 bats
  3 frilled lizards
  A jackal zombie (D:8)
  A quokka skeleton (D:5)
  A quokka zombie (D:5)
  9 rats
195 creatures vanquished.

Vanquished Creatures (others)
  2 hungry ghosts (D:7)
  Menkaure (D:7)
  4 goblins (D:7)
7 creatures vanquished.

Grand Total: 202 creatures vanquished

Notes
Turn   | Place    | Note
-------+----------+-------------------------------------------
     0 | D:1      | Naru the Hill Orc Fighter began the quest for the Orb.
     0 | D:1      | Reached XP level 1. HP: 19/19 MP: 1/1
    63 | D:1      | Reached XP level 2. HP: 27/27 MP: 2/2
    87 | D:1      | Reached skill level 3 in Axes
   158 | D:1      | Reached XP level 3. HP: 25/33 MP: 3/3
   949 | D:2      | Reached XP level 4. HP: 40/41 MP: 4/4
   982 | D:2      | Reached skill level 4 in Axes
  1556 | D:2      | Found a runed door.
  1926 | D:3      | Reached XP level 5. HP: 44/47 MP: 5/5
  3174 | D:4      | Noticed a phantom
  3244 | D:4      | Killed a phantom
  3244 | D:4      | Reached skill level 5 in Axes
  3273 | D:4      | Noticed Grinder
  3303 | D:3      | Reached XP level 6. HP: 52/53 MP: 6/6
  3388 | D:4      | Noticed coier's ghost (novice GnWn)
  3455 | D:3      | Reached skill level 6 in Axes
  3841 | D:4      | Noticed a water moccasin
  3851 | D:4      | Killed a water moccasin
  3855 | D:4      | Reached skill level 5 in Fighting
  3855 | D:4      | Reached skill level 5 in Shields
  3882 | D:4      | Noticed a phantom
  3889 | D:4      | Paralysed by Grinder for 3 turns
  3892 | D:4      | Killed Grinder
  3892 | D:4      | Reached skill level 7 in Axes
  3892 | D:4      | Reached XP level 7. HP: 36/61 MP: 7/7
  4173 | D:4      | Killed coier's ghost
  4173 | D:4      | Reached skill level 8 in Axes
  4173 | D:4      | Reached skill level 1 in Dodging
  4173 | D:4      | Reached XP level 8. HP: 20/70 MP: 8/8
  4915 | D:5      | Entered Level 5 of the Dungeon
  5013 | D:5      | Reached skill level 9 in Axes
  5447 | D:5      | Got a scorched ring mail
  5461 | D:5      | Identified the cursed +1 ring mail of the Apprentice {rCorr Stlth+} (You found it on level 5 of the Dungeon)
  5626 | D:5      | Found Eduli's Food Boutique.
  6190 | D:5      | Reached skill level 10 in Axes
  6196 | D:5      | Reached skill level 5 in Armour
  6196 | D:5      | Reached XP level 9. HP: 58/78 MP: 9/9
  6866 | D:6      | Found Orefod's Weapon Boutique.
  7077 | D:6      | Became a worshipper of Beogh the Brigand
  7300 | D:7      | Noticed Duvessa
  7302 | D:7      | Noticed Dowan
  7322 | D:7      | Killed Duvessa
  7322 | D:7      | Reached skill level 11 in Axes
  7324 | D:7      | Killed Dowan
  7369 | D:7      | Noticed Pikel
  7399 | D:7      | Killed Pikel
  7618 | D:7      | Found a staircase to the Ecumenical Temple.
  7635 | D:7      | Noticed Menkaure
  7648 | D:7      | Found a stormy altar of Qazlal.
  7890 | D:7      | Killed Menkaure
  8232 | D:8      | Noticed Grum
  8241 | D:8      | Reached skill level 12 in Axes
  8241 | D:8      | Reached XP level 10. HP: 68/86 MP: 10/10
  8259 | D:8      | Killed Grum
  8524 | D:8      | Noticed a two-headed ogre
  8538 | D:8      | Killed a two-headed ogre
  9071 | D:8      | Reached skill level 13 in Axes
  9137 | D:8      | Found an ancient bone altar of Kikubaaqudgha.
  9192 | D:8      | Reached * piety under Beogh
  9336 | D:8      | Found a glowing golden altar of the Shining One.
  9424 | D:9      | Reached skill level 1 in Invocations
  9465 | D:9      | Found a staircase to the Lair.
  9570 | D:9      | Noticed a two-headed ogre
  9580 | D:9      | Killed a two-headed ogre
  9851 | D:9      | Found a staircase to the Orcish Mines.
  9863 | D:9      | Found a roughly hewn altar of Beogh.
  9893 | D:9      | Slain by an orc warrior

Skill      XL: |  1  2  3  4  5  6  7  8  9 10 |
---------------+-------------------------------+-----
Fighting       | 4 5 6 7 8 |  8.3
Axes           | 3 4 5 7 8 10 12 13 | 13.7
Shields        | 4 5 6 8 9 |  9.2
Armour         | 4 5 6 |  6.1
Dodging        | 1 2 |  2.4
Invocations    | 2 |  2.5
Stealth        | |  0.9

Action                   |  1- 3 |  4- 6 |  7- 9 | 10-12 || total
-------------------------+-------+-------+-------+-------++-------
Melee: War axe           |   105 |   233 |   294 |   152 ||   784
Invok: Convert to Beogh  |       |       |     1 |       ||     1
  Use: Scroll            |       |    12 |     7 |       ||    19
       Potion            |       |       |       |     2 ||     2
 Stab: Sleeping          |       |       |     1 |       ||     1
  Eat: Ration            |       |     3 |     3 |     2 ||     8
       Chunk             |       |     2 |     3 |       ||     5
Armor: Scale mail        |    62 |       |       |       ||    62
       Chain mail        |     9 |   140 |    38 |       ||   187
       Ring mail         |       |       |    40 |    43 ||    83
Dodge: Dodged            |    41 |    60 |    97 |    63 ||   261
Block: Shield            |    56 |   117 |   165 |    90 ||   428
